 Dungeon Crawl Stone Soup version 0.28.0 (webtiles) character file.

Game seed: 6693368544654653812

210474 salamanders the Thaumaturge (level 18, -1/141 HPs)
             Began as a Gnoll Hedge Wizard on July 12, 2022.
             Was the Champion of Vehumet.
             Slain by a +2 dire flail of protection (19 damage)
             ... on level 2 of the Elven Halls on July 14, 2022.
             The game lasted 07:15:17 (45452 turns).

salamanders the Thaumaturge (Gnoll Hedge Wizard)   Turns: 45452, Time: 07:15:18

Health: -1/141     AC: 21    Str: 21    XL:     18   Next: 34%
Magic:  19/36      EV: 18    Int: 28    God:    Vehumet [******]
Gold:   2309       SH: 15    Dex: 23    Spells: 3/45 levels left

rFire   + + +      SeeInvis +   G - +9 demon whip (elec)
rCold   . . .      Faith    .   B - +1 kite shield {reflect}
rNeg    + + .      Spirit   .   s - +0 fire dragon scales
rPois   .          Reflect  +   u - +1 hat "Wygeent" {rN+ Str+3 Int+4}
rElec   .          Harm     .   Q - scarf {rC+ rF+}
rCorr   +          Rampage  .   X - +0 pair of gloves
Will    +....                   J - +1 pair of boots of Esmusoxt {rCorr Dex+4}
Stlth   +++.......              l - amulet of regeneration
HPRegen 1.13/turn               U - ring of Ignis's Favour {rN+ AC+4 Int+6 SInv Stlth-}
MPRegen 0.25/turn               T - ring of Othosm {Str+3 Int+3 Dex+6}

@: no status effects
A: fangs 1, strong nose, distributed training, horns 1, see invisible
}: 2/15 runes: decaying, gossamer
a: Renounce Religion


You were on level 2 of the Elven Halls.
You worshipped Vehumet.
Vehumet was exalted by your worship.
You visited 7 branches of the dungeon, and saw 31 of its levels.
You also visited: Ice Cave.

You collected 2699 gold pieces.
You spent 390 gold pieces at shops.

Inventory:

Hand Weapons
 d - a +2 trident of holy wrath
 G - a +9 demon whip of electrocution (weapon)
 I - a +5 scimitar of flaming
 L - the +10 morningstar "Kashudwe" {protect, Dex+2}
   (You found it on level 2 of the Spider Nest)

   It grants its wielder temporary protection when it strikes (+7 to AC).
   Dex:       It affects your dexterity (+2).
 W - a +0 arbalest
Missiles
 f - 307 bolts
 w - 52 poisoned darts
 O - 5 boomerangs of dispersal
Armour
 e - +0 swamp dragon scales
 s - +0 fire dragon scales (worn)
 t - a scarf of invisibility
 u - the +1 hat "Wygeent" (worn) {rN+ Str+3 Int+4}
   (You acquired it on level 14 of the Dungeon)

   Str:       It affects your strength (+3).
   Int:       It affects your intelligence (+4).
   rN:        It protects you from negative energy.
 B - a +1 kite shield of reflection (worn)
 J - the +1 pair of boots of Esmusoxt (worn) {rCorr Dex+4}
   (You found it on level 4 of the Spider Nest)

   Dex:       It affects your dexterity (+4).
   rCorr:     It protects you from acid and corrosion.
 M - a +0 leather armour of cold resistance
 Q - a scarf of resistance (worn)
 X - a +0 pair of gloves (worn)
Jewellery
 a - a ring of poison resistance
 h - the ring "Maqiutasm" {rN+ Int+4 Dex+3}
   (You found it on level 1 of the Orcish Mines)

   [ring of positive energy]

   Int:       It affects your intelligence (+4).
   Dex:       It affects your dexterity (+3).
   rN:        It protects you from negative energy.
 j - a ring of protection from cold
 l - an amulet of regeneration (around neck)
 T - the ring of Othosm (right hand) {Str+3 Int+3 Dex+6}
   (You took it off an ogre mage on level 10 of the Dungeon)

   [ring of dexterity]

   Str:       It affects your strength (+3).
   Int:       It affects your intelligence (+3).
   Dex:       It affects your dexterity (+6).
 U - the ring of Ignis's Favour (left hand) {rN+ AC+4 Int+6 SInv Stlth-}
   (You took it off a centaur warrior on level 10 of the Dungeon)

   [ring of protection]

   AC:        It affects your AC (+4).
   Int:       It affects your intelligence (+6).
   rN:        It protects you from negative energy.
   SInv:      It lets you see invisible.
   Stlth:     It makes you less stealthy.
 Z - the ring of Otinlof {Ice rPois Will+ Int+4 Slay-6}
   (You found it on level 10 of the Dungeon)

   [ring of ice]

   It enhances your ice magic.
   Int:       It affects your intelligence (+4).
   Slay:      It affects your accuracy & damage with ranged weapons and melee
   (-6).
   rF:        It makes you vulnerable to fire.
   rC:        It protects you from cold.
   rPois:     It protects you from poison.
   Will:      It increases your willpower.
Wands
 g - a wand of paralysis (13)
 i - a wand of charming (2)
 k - a wand of digging (7)
 q - a wand of mindburst (13)
 x - a wand of acid (2)
 C - a wand of polymorph (5)
 E - a wand of iceblast (12)
Scrolls
 b - 2 scrolls of magic mapping
 c - 4 scrolls of fear
 p - 4 scrolls of fog
 v - 9 scrolls of teleportation
 y - a scroll of holy word
 A - 2 scrolls of amnesia
 H - 3 scrolls of summoning
 N - 5 scrolls of immolation
 V - a scroll of enchant weapon
 Y - 2 scrolls of blinking
Potions
 m - 4 potions of lignification
 n - a potion of berserk rage
 o - 4 potions of might
 z - 3 potions of cancellation
 D - 4 potions of brilliance
 F - 3 potions of curing
 K - 3 potions of flight
 P - 3 potions of heal wounds
 R - 2 potions of haste
 S - 9 potions of ambrosia
Miscellaneous
 r - a lightning rod (4/4) (quivered)


   Skills:
 + Level 12.3 Fighting
 + Level 12.3 Short Blades
 + Level 12.3 Long Blades
 + Level 12.3 Axes
 + Level 12.3 Maces & Flails
 + Level 12.3 Polearms
 + Level 12.3 Staves
 + Level 12.3 Slings
 + Level 12.3 Bows
 + Level 12.3 Crossbows
 + Level 12.3 Throwing
 + Level 12.3 Armour
 + Level 13.1 Dodging
 + Level 13.0 Stealth
 + Level 12.3 Shields
 + Level 12.3 Unarmed Combat
 + Level 14.1 Spellcasting
 + Level 10.7 Conjurations
 + Level 10.5 Hexes
 + Level 10.7 Summonings
 + Level 10.5 Necromancy
 + Level 10.7 Translocations
 + Level 10.5 Transmutations
 + Level 10.5 Fire Magic
 + Level 10.5 Ice Magic
 + Level 10.5 Air Magic
 + Level 10.5 Earth Magic
 + Level 10.5 Poison Magic
 + Level 13.4 Invocations
 + Level 12.3 Evocations


You had 3 spell levels left.
You knew the following spells:

 Your Spells              Type           Power      Damage    Failure   Level
a - Shock                 Conj/Air       100%       1d9       1%          1
b - Slow                  Hex            100%       N/A       1%          1
c - Call Imp              Summ           68%        N/A       1%          2
d - Mephitic Cloud        Conj/Pois/Air  68%        N/A       1%          3
e - Conjure Flame         Conj/Fire      68%        6-21      1%          3
f - Ignite Poison         Fire/Tmut/Pois 68%        N/A       1%          3
g - Blink                 Tloc           100%       N/A       1%          2
h - Sting                 Tmut/Pois      100%       1d8       1%          1
i - Olgreb's Toxic Radia  Pois           68%        N/A       1%          4
j - Summon Guardian Gole  Hex/Summ       68%        N/A       1%          3
k - Searing Ray           Conj           100%       2d8       1%          2
l - Summon Lightning Spi  Summ/Air       68%        N/A       1%          4
m - Tukima's Dance        Hex            68%        N/A       1%          3
n - Magic Dart            Conj           100%       1d8       1%          1
o - Flame Wave            Conj/Fire      68%        2d13      1%          4
p - Freezing Cloud        Conj/Ice/Air   34%        6-21      1%          5

Your spell library contained the following spells:

 Spells                   Type           Power      Damage    Failure   Level
 Eringya's Noxious Bog    Tmut/Pois      34%        N/A       8%          6
 Animate Skeleton         Necr           100%       N/A       1%          1
 Apportation              Tloc           100%       N/A       1%          1
 Freeze                   Ice            100%       1d11      1%          1
 Pain                     Necr           100%       1d9       1%          1
 Poisonous Vapours        Pois/Air       100%       N/A       1%          2
 Scorch                   Fire           100%       2d10      1%          2
 Sublimation of Blood     Necr           68%        N/A       1%          2
 Wereblood                Tmut           68%        N/A       1%          2
 Frozen Ramparts          Ice            100%       1d12      1%          3
 Gell's Gravitas          Tloc           68%        N/A       1%          3
 Ozocubu's Armour         Ice            68%        N/A       1%          3
 Swiftness                Air            68%        N/A       1%          3
 Teleport Other           Tloc           68%        N/A       1%          3
 Vampiric Draining        Necr           68%        2d10      1%          3
 Airstrike                Air            34%        N/A       1%          4
 Anguish                  Hex/Necr       34%        N/A       1%          4
 Animate Armour           Summ/Erth      100%       N/A       1%          4
 Cause Fear               Hex            34%        N/A       1%          4
 Hailstorm                Conj/Ice       68%        3d14      1%          4
 Passage of Golubria      Tloc           68%        N/A       1%          4
 Yara's Violent Unravell  Hex/Tmut       34%        3d14      1%          5
 Alistair's Intoxication  Tmut/Pois      45%        N/A       4%          5
 Blade Hands              Tmut           34%        N/A       4%          5
 Silence                  Hex/Air        34%        N/A       4%          5
 Conjure Ball Lightning   Conj/Air       34%        3x3d11    7%          6
 Iron Shot                Conj/Erth      34%        9d7       7%          6
 Dispersal                Tloc           34%        N/A       26%         6
 Summon Cactus Giant      Summ           34%        N/A       26%         6
 Simulacrum               Ice/Necr       34%        N/A       28%         6
 Orb of Destruction       Conj           34%        9d10      32%         7
 Spellforged Servitor     Conj/Summ      34%        N/A       32%         7
 Ozocubu's Refrigeration  Ice            34%        4d11      36%         7
 Summon Hydra             Summ           34%        N/A       80%         7
 Dragon Form              Tmut           34%        N/A       83%         7
 Enfeeble                 Hex            34%        N/A       83%         7
 Storm Form               Tmut/Air       34%        N/A       83%         7
 Lehudib's Crystal Spear  Conj/Erth      34%        10d9      94%         8
 Maxwell's Capacitive Co  Air            34%        ∞         94%         8
 Discord                  Hex            34%        N/A       100%        8
 Disjunction              Tloc           34%        N/A       100%        8
 Dragon's Call            Summ           34%        N/A       100%        9
 Polar Vortex             Ice            34%        N/A       100%        9


Dungeon Overview and Level Annotations

Branches:
Dungeon (14/15)            Temple (1/1) D:5            Lair (4/6) D:11
  Swamp (4/4) Lair:4       Spider (4/4) Lair:4          Orc (2/2) D:12
    Elf (2/3) Orc:2        Vaults (0/5) D:14          IceCv (visited)

Altars:
Ashenzari
Cheibriados
Dithmenos
Elyvilon
Fedhas
Gozag
Hepliaklqana
Kikubaaqudgha
Makhleb
Nemelex Xobeh
Okawaru
Qazlal
Ru
Sif Muna
Trog
Uskayaw
Vehumet
Wu Jian
Xom
Yredelemnul
Zin
The Shining One
Beogh

Shops:
D:4 *   D:6 :   D:10 =   Orc:2 (*[=   Elf:2 [

Annotations:
D:3 3 runed translucent doors, AmazingTV's ghost, amateur MiFi; Skilfsilihog's ghost, weakling MiFi; kaikaun's ghost, amateur GnCA
D:4 3 runed translucent doors, owl's ghost, novice MiFi
D:10 4 runed translucent doors, geeeeen's ghost, journeyman DrFE
Swamp:2 exclusion: oklob plant


Innate Abilities, Weirdness & Mutations

You have very sharp teeth.
Your uncanny sense of smell can sniff out nearby items.
Your experience applies equally to all skills.
You have a pair of small horns on your head.
You have supernaturally acute eyesight. (SInv)


Message History

The deep elf zephyrmancer is engulfed in noxious fumes.
The deep elf zephyrmancer points at you and mumbles some strange words.
The bolt of lightning hits the +2 dire flail of protection.
The +2 dire flail of protection completely resists.
The bolt of lightning misses you.
You block the deep elf zephyrmancer's attack.
The +2 dire flail of protection closely misses you.
Casting: Olgreb's Toxic Radiance (mildly dangerous; 1% risk of failure)
Confirm with . or Enter, or press ? or * to list all spells.
You ignite the poison in your surroundings!
The deep elf zephyrmancer seems to burn from within!!
You kill the deep elf zephyrmancer!
Vehumet accepts your kill.
You feel your power returning.
The deep elf pyromancer seems to burn from within!!
You kill the deep elf pyromancer!
Vehumet accepts your kill.
The deep elf zephyrmancer seems to burn from within!
The deep elf zephyrmancer is heavily wounded.
The deep elf zephyrmancer is poisoned.
Your toxic aura wanes.
The deep elf zephyrmancer is engulfed in blazing flames.
The +2 dire flail of protection hits you!!
The +2 dire flail of protection hits you!
The fire elemental is engulfed in freezing vapours.
The +2 dire flail of protection hits you!!
* * * LOW HITPOINT WARNING * * *
Things that are here:
a +2 short sword of venom; a +0 ring mail; an elf corpse
As you read the scroll of fear, it crumbles to dust.
You assume a fearsome visage.
The fire elemental is unaffected.
The deep elf zephyrmancer looks frightened!
The deep elf pyromancer looks frightened!
The +2 dire flail of protection is unaffected.
The +2 dire flail of protection hits you!
* * * LOW HITPOINT WARNING * * *
The deep elf zephyrmancer casts a spell.
The deep elf zephyrmancer blinks!
The +2 dire flail of protection hits you!!
You die...

.......## ##.##
.e)#####+######.##
#))#.......##.##
#§§........'##
##°°8........##
#§○☼..........#
#...E.........#
+).(.e........#
#..§@...).....#
#.............#
#.........<...#
#.............#
##...........##
##.........##
##.......##
#########


You could see a deep elf pyromancer (fleeing), a deep elf zephyrmancer (fleeing,
poisoned), a fire elemental (summoned), a +2 dire flail of protection (ally
target) and a friendly lightning spire (summoned).

Vanquished Creatures
  A thorn hunter (Swamp:4)
  2 ghost moths
  4 emperor scorpions
  A deep elf elementalist (Elf:1)
  A broodmother (Spider:4)
  A reaper (IceCv)
  The ghost of vykuza the Grappler, a journeyman TrMo of Qazlal (Orc:1)
  2 bunyips
  4 spark wasps
  A deep elf death mage (Elf:1)
  3 fire dragons (Swamp:4)
  A deep elf high priest (Elf:1)
  Josephine (Spider:1)
  5 boulder beetles
  Erolcha (D:11)
  Erica (D:8)
  A ghost crab (Swamp:4)
  2 ogre magi (D:10)
  3 centaur warriors
  14 hydras
  A radroach (Spider:2)
  2 two-headed ogres
  5 dancing weapons (Elf:1)
  2 catoblepae
  2 tengu warriors
  4 alligators
  3 orc high priests (Orc:2)
  9 deep elf knights
  2 pharaoh ants
  3 goliath frogs
  6 steelbarb worms
  3 spriggan druids
  5 bog bodies
  7 orb spiders
  9 deep elf archers
  5 orc knights
  4 swamp dragons
  3 lindwurms (Swamp:4)
  Pikel (D:4)
  14 deep elf pyromancers
  2 harpies (D:12)
  10 wolf spiders
  18 deep elf zephyrmancers
  2 manticores
  2 orc sorcerers (Orc:2)
  2 cyclopes
  A moth of wrath (Spider:4)
  8 ugly things
  A will-o-the-wisp (Swamp:3)
  A gargoyle (D:12)
  2 ice statues (IceCv)
  3 torpor snails
  4 centaur skeletons (D:14)
  3 komodo dragons
  3 cane toads
  Psyche (D:12)
  An unseen horror (D:13)
  2 rime drakes
  An efreet (D:13)
  2 yaktaurs
  3 demonic crawlers
  3 ice devils (IceCv)
  A yaktaur (shapeshifter) (D:14)
  A tengu conjurer (D:13)
  A queen bee (D:13)
  A polar bear (Lair:3)
  5 trolls
  9 hornets
  16 meliai
  26 tarantellas
  4 blink frogs (Lair:3)
  6 tyrant leeches
  Prince Ribbit (D:6)
  8 slime creatures
  19 jumping spiders
  Sigmund (D:4)
  6 spriggans
  A vampire (D:14)
  A culicivora (shapeshifter) (D:14)
  13 culicivoras
  A shadow (D:10)
  23 yaks
  2 water elementals
  Eustachio (D:6)
  A wraith (Spider:1)
  8 wyverns
  A dire elephant simulacrum (IceCv)
  2 fire bats (Swamp:4)
  9 basilisks
  A steam dragon (Swamp:4)
  A golden eye (shapeshifter) (D:13)
  5 humans (D:8)
  3 death yak simulacra (IceCv)
  16 vampire mosquitoes
  8 swamp worms
  Edmund (D:6)
  Menkaure (D:5)
  2 wargs (Orc:2)
  37 redbacks
  A harpy simulacrum (IceCv)
  An acid dragon (D:9)
  3 water moccasins
  Duvessa (D:4)
  11 swamp drakes
  3 ice beasts
  A sky beast (D:7)
  20 orc warriors
  3 ogres
  A tengu (shapeshifter) (D:13)
  A necrophage (D:8)
  8 wolves
  6 centaurs
  4 kobold brigands
  8 bullfrogs
  3 earth elementals
  3 two-headed ogre simulacra (IceCv)
  2 scorpions
  3 wyvern skeletons (D:7)
  Dowan (D:4)
  19 killer bees
  17 electric eels
  6 centaur zombies
  2 bullfrog zombies
  A jelly (D:6)
  16 orc priests
  4 hounds
  Natasha (thrice) (D:2)
  4 iguanas
  24 orc wizards
  A polar bear simulacrum (IceCv)
  A spriggan simulacrum (IceCv)
  A troll simulacrum (IceCv)
  A wolf simulacrum (IceCv)
  A hound skeleton (D:5)
  A howler monkey zombie (D:9)
  A gnoll (D:4)
  A naga simulacrum (IceCv)
  2 adders
  A shadow imp (D:6)
  4 white imps
  2 ufetubi (IceCv)
  An adder skeleton (D:4)
  A worm (D:2)
  4 dart slugs
  65 orcs
  10 ball pythons
  9 endoplasms
  4 giant cockroaches
  7 goblins
  10 hobgoblins
  3 jackals (D:2)
  23 kobolds
  2 quokkas
  11 bats
  5 frilled lizards
  4 rats
  A briar patch (Swamp:4)
  2 butterflies
817 creatures vanquished.

Vanquished Creatures (collateral kills)
  A fenstrider witch (Swamp:2)
  An orc warlord (Orc:2)
  2 emperor scorpions
  A bunyip (Swamp:4)
  A boulder beetle (D:11)
  A catoblepas (D:13)
  4 hydras
  A ghost crab (Swamp:3)
  A centaur warrior (D:14)
  A spriggan (Swamp:1)
  2 orc high priests (Orc:2)
  A skeletal warrior (D:14)
  A deep elf knight (Elf:2)
  2 pharaoh ants
  A goliath frog (Swamp:1)
  2 swamp dragons (Swamp:4)
  An orb spider (Spider:2)
  4 steelbarb worms
  2 bog bodies
  A wolf spider (Spider:2)
  A deep elf zephyrmancer (Elf:2)
  A cyclops (D:12)
  An ugly thing (D:14)
  A manticore (D:14)
  A will-o-the-wisp (Swamp:3)
  A moth of wrath (Spider:1)
  A black mamba (Lair:4)
  A cane toad (Lair:2)
  2 demonic crawlers (Spider:3)
  A yaktaur (D:14)
  2 ice devils (IceCv)
  3 komodo dragons
  3 trolls
  2 tyrant leeches (Swamp:3)
  2 slime creatures (D:13)
  2 tarantellas (Spider:4)
  A hornet (Swamp:1)
  A jumping spider (Spider:1)
  A shadow (D:11)
  3 culicivoras
  A dire elephant simulacrum (IceCv)
  2 wyverns (Lair:4)
  4 yaks (Lair:4)
  A fire bat (Swamp:4)
  4 wraiths (Spider:1)
  3 redbacks
  2 vampire mosquitoes
  A steam dragon (Swamp:4)
  A harpy simulacrum (IceCv)
  6 swamp worms
  A warg (Orc:2)
  7 orc warriors
  5 water moccasins
  A swamp drake (Swamp:4)
  3 ogres
  A boggart (D:14)
  6 wolves
  A centaur (D:11)
  A phantom (D:5)
  4 bullfrogs
  2 two-headed ogre simulacra (IceCv)
  A killer bee (Lair:4)
  A howler monkey (D:8)
  2 orc priests
  An iguana (D:4)
  3 orc wizards
  A spriggan simulacrum (IceCv)
  A howler monkey skeleton (D:7)
  An adder skeleton (D:4)
  A worm (D:4)
  A dart slug (D:1)
  9 orcs
  A giant cockroach (D:1)
  2 hobgoblins (D:1)
  A jackal (D:2)
  A bat (D:2)
  A frilled lizard (D:2)
  A kobold (D:4)
148 creatures vanquished.

Vanquished Creatures (others)
  An emperor scorpion (Spider:4)
  A harpy (D:12)
  A manticore (D:13)
  A bloated husk (Swamp:3)
  A dancing weapon (Spider:1)
  A basilisk (D:12)
  2 swamp drakes (Swamp:4)
  An orc (D:10)
  A bush (D:11)
  6 foxfires (Swamp:3)
  52 fungi
  47 plants
  5 withered plants
120 creatures vanquished.

Grand Total: 1085 creatures vanquished

Notes
Turn   | Place    | Note
-------+----------+-------------------------------------------
     0 | D:1      | salamanders the Gnoll Hedge Wizard began the quest for the
                  | Orb.
     0 | D:1      | Reached XP level 1. HP: 13/13 MP: 8/8
   207 | D:1      | Reached XP level 2. HP: 19/19 MP: 7/10
   257 | D:1      | Learned a level 1 spell: Slow
   260 | D:1      | Learned a level 2 spell: Call Imp
   563 | D:1      | Reached XP level 3. HP: 25/25 MP: 9/11
   868 | D:1      | Found a faded altar of an unknown god.
  1052 | D:1      | Reached skill level 1 in Invocations
  1278 | D:1      | Gained mutation: You have supernaturally acute eyesight.
                  | (SInv) [potion of mutation]
  1278 | D:1      | Gained mutation: You have a pair of small horns on your
                  | head. [potion of mutation]
  1511 | D:2      | Noticed Natasha
  1522 | D:2      | Killed Natasha
  1523 | D:2      | Reached skill level 1 in Fighting
  1523 | D:2      | Reached skill level 1 in Short Blades
  1523 | D:2      | Reached skill level 1 in Long Blades
  1523 | D:2      | Reached skill level 1 in Axes
  1523 | D:2      | Reached skill level 1 in Maces & Flails
  1523 | D:2      | Reached skill level 1 in Polearms
  1523 | D:2      | Reached skill level 1 in Staves
  1523 | D:2      | Reached skill level 1 in Slings
  1523 | D:2      | Reached skill level 1 in Bows
  1523 | D:2      | Reached skill level 1 in Crossbows
  1523 | D:2      | Reached skill level 1 in Throwing
  1523 | D:2      | Reached skill level 1 in Armour
  1523 | D:2      | Reached skill level 1 in Shields
  1523 | D:2      | Reached skill level 1 in Unarmed Combat
  1523 | D:2      | Reached skill level 1 in Evocations
  1523 | D:2      | Reached XP level 4. HP: 25/32 MP: 5/13
  1686 | D:2      | Noticed Natasha
  1693 | D:2      | Killed Natasha
  1694 | D:2      | Reached skill level 1 in Hexes
  1694 | D:2      | Reached skill level 1 in Necromancy
  1694 | D:2      | Reached skill level 1 in Transmutations
  1694 | D:2      | Reached skill level 1 in Fire Magic
  1694 | D:2      | Reached skill level 1 in Ice Magic
  1694 | D:2      | Reached skill level 1 in Air Magic
  1694 | D:2      | Reached skill level 1 in Earth Magic
  1694 | D:2      | Reached skill level 1 in Poison Magic
  1768 | D:2      | Noticed Natasha
  1780 | D:2      | Killed Natasha
  1781 | D:2      | Reached XP level 5. HP: 19/37 MP: 3/14
  1860 | D:2      | Learned a level 3 spell: Mephitic Cloud
  2539 | D:3      | Found a runed translucent gate.
  2587 | D:3      | Found a runed translucent gate.
  2589 | D:3      | Found a runed translucent gate.
  2592 | D:3      | Noticed kaikaun's ghost (amateur GnCA)
  2592 | D:3      | Noticed AmazingTV's ghost (amateur MiFi)
  2592 | D:3      | Noticed Skilfsilihog's ghost (weakling MiFi)
  3027 | D:3      | Reached XP level 6. HP: 16/44 MP: 16/16
  3468 | D:4      | Found a runed translucent gate.
  3468 | D:4      | Found a runed translucent gate.
  3468 | D:4      | Found a runed translucent gate.
  3468 | D:4      | Noticed owl's ghost (novice MiFi)
  3507 | D:4      | Reached skill level 5 in Dodging
  3511 | D:4      | Learned a level 3 spell: Conjure Flame
  3684 | D:4      | You fall into a shaft and drop 1 floor!
  3684 | D:5      | Entered Level 5 of the Dungeon
  3770 | D:5      | Found a stormy altar of Qazlal.
  3808 | D:5      | Noticed an orc warrior
  3813 | D:5      | Noticed an ice beast
  3817 | D:5      | Reached XP level 7. HP: 48/50 MP: 17/18
  4069 | D:5      | Learned a level 3 spell: Ignite Poison
  4085 | D:5      | Reached skill level 5 in Stealth
  4788 | D:4      | Noticed Duvessa
  4790 | D:4      | Noticed Dowan
  4810 | D:4      | Killed Duvessa
  4934 | D:4      | Killed Dowan
  4935 | D:4      | Reached XP level 8. HP: 44/57 MP: 18/19
  4990 | D:4      | Reached skill level 5 in Fighting
  4990 | D:4      | Reached skill level 5 in Short Blades
  4990 | D:4      | Reached skill level 5 in Long Blades
  4990 | D:4      | Reached skill level 5 in Axes
  4990 | D:4      | Reached skill level 5 in Maces & Flails
  4990 | D:4      | Reached skill level 5 in Polearms
  4990 | D:4      | Reached skill level 5 in Staves
  4990 | D:4      | Reached skill level 5 in Slings
  4990 | D:4      | Reached skill level 5 in Bows
  4990 | D:4      | Reached skill level 5 in Crossbows
  4990 | D:4      | Reached skill level 5 in Throwing
  4990 | D:4      | Reached skill level 5 in Armour
  4990 | D:4      | Reached skill level 5 in Shields
  4990 | D:4      | Reached skill level 5 in Unarmed Combat
  4990 | D:4      | Reached skill level 9 in Spellcasting
  4990 | D:4      | Reached skill level 5 in Conjurations
  4990 | D:4      | Reached skill level 5 in Summonings
  4990 | D:4      | Reached skill level 5 in Translocations
  4990 | D:4      | Reached skill level 5 in Invocations
  4990 | D:4      | Reached skill level 5 in Evocations
  4991 | D:4      | Reached XP level 9. HP: 68/68 MP: 22/22
  5078 | D:4      | Learned a level 2 spell: Blink
  5169 | D:4      | Found Xercha Ylem's General Store.
  5175 | D:4      | Noticed Pikel
  5198 | D:4      | Killed Pikel
  5233 | D:4      | Noticed Sigmund
  5239 | D:4      | Killed Sigmund
  5880 | D:5      | Found a staircase to the Ecumenical Temple.
  5902 | Temple   | Entered the Ecumenical Temple
  6265 | Temple   | Became a worshipper of Vehumet
  6442 | D:5      | Noticed Menkaure
  6452 | D:5      | Killed Menkaure
  6953 | D:6      | Noticed Prince Ribbit
  6959 | D:6      | Noticed a troll
  6994 | D:6      | Killed a troll
  7074 | D:6      | Killed Prince Ribbit
  7401 | D:6      | Found Wazy's Book Shoppe.
  7453 | D:6      | Bought a Young Poisoner's Handbook for 240 gold pieces
  7455 | D:6      | Learned a level 1 spell: Sting
  7460 | D:6      | Learned a level 4 spell: Olgreb's Toxic Radiance
  7745 | D:6      | Reached XP level 10. HP: 34/76 MP: 23/23
  8213 | D:6      | Noticed Edmund
  8221 | D:6      | Killed Edmund
  8293 | D:6      | Noticed Eustachio
  8304 | D:6      | Killed Eustachio
  8668 | D:7      | Reached skill level 5 in Hexes
  8668 | D:7      | Reached skill level 5 in Necromancy
  8668 | D:7      | Reached skill level 5 in Transmutations
  8668 | D:7      | Reached skill level 5 in Fire Magic
  8668 | D:7      | Reached skill level 5 in Ice Magic
  8668 | D:7      | Reached skill level 5 in Air Magic
  8668 | D:7      | Reached skill level 5 in Earth Magic
  8668 | D:7      | Reached skill level 5 in Poison Magic
  9597 | D:8      | Noticed Erica
 10438 | D:8      | Reached * piety under Vehumet
 10438 | D:8      | Offered knowledge of Freeze by Vehumet.
 10469 | D:8      | Killed Erica
 10648 | D:8      | Learned a level 3 spell: Summon Guardian Golem
 11177 | D:8      | Reached XP level 11. HP: 50/81 MP: 23/24
 12367 | D:9      | Offered knowledge of Searing Ray by Vehumet.
 12404 | D:9      | Learned a level 2 spell: Searing Ray
 12823 | D:10     | Entered Level 10 of the Dungeon
 12836 | D:10     | Found a runed translucent door.
 12838 | D:10     | Noticed geeeeen's ghost (journeyman DrFE)
 12841 | D:10     | Reached ** piety under Vehumet
 13148 | D:10     | Found Hogoweq's Jewellery Boutique.
 13395 | D:10     | Noticed a two-headed ogre
 13408 | D:10     | Killed a two-headed ogre
 13563 | D:10     | Offered knowledge of Frozen Ramparts by Vehumet.
 14050 | D:10     | Found a runed translucent door.
 14050 | D:10     | Found a runed translucent door.
 14050 | D:10     | Noticed a brown ugly thing
 14050 | D:10     | Noticed a centaur warrior
 14052 | D:10     | Noticed a fire giant
 14053 | D:10     | Found a runed translucent door.
 14053 | D:10     | Noticed a wolf spider
 14068 | D:10     | Noticed a six-headed hydra
 14254 | D:10     | Killed a six-headed hydra
 14255 | D:10     | Reached skill level 10 in Spellcasting
 14271 | D:10     | Identified the ring of Othosm {Str+3 Int+3 Dex+6}
 14271 | D:10     | Noticed an ogre mage
 14278 | D:10     | Killed an ogre mage
 14391 | D:10     | Identified the amulet of Riotabb {Faith Drain rElec rN+}
 14391 | D:10     | Noticed an ogre mage
 14395 | D:10     | Killed an ogre mage
 14413 | D:10     | Identified the ring of Ignis's Favour {rN+ AC+4 Int+6 SInv
                  | Stlth-}
 14413 | D:10     | Noticed a centaur warrior
 14444 | D:10     | Killed a centaur warrior
 14686 | D:10     | Noticed a tengu warrior
 14693 | D:10     | Killed a tengu warrior
 14771 | D:10     | Noticed a manticore
 14782 | D:10     | Killed a manticore
 14783 | D:10     | Reached XP level 12. HP: 91/91 MP: 15/26
 14887 | D:10     | Identified the ring of Otinlof {Ice rPois Will+ Int+4
                  | Slay-6}
 14996 | D:10     | Learned a level 4 spell: Summon Lightning Spire
 15081 | D:11     | Reached *** piety under Vehumet
 15386 | D:11     | Noticed Erolcha
 15392 | D:11     | Killed Erolcha
 15591 | D:11     | Noticed a boulder beetle
 15753 | D:11     | Killed a boulder beetle
 15990 | D:11     | Offered knowledge of Inner Flame by Vehumet.
 16084 | D:11     | Found a staircase to the Lair.
 16691 | D:12     | Noticed Psyche
 16695 | D:12     | Killed Psyche
 17287 | D:12     | Found a staircase to the Orcish Mines.
 17333 | D:12     | Noticed a two-headed ogre
 17344 | D:12     | Killed a two-headed ogre
 17430 | D:12     | Noticed a catoblepas
 17442 | D:12     | Killed a catoblepas
 17807 | D:13     | Noticed a tengu warrior
 17822 | D:13     | Killed a tengu warrior
 17898 | D:13     | Reached XP level 13. HP: 98/98 MP: 27/27
 18479 | D:13     | Identified the +0 war axe "Ymyxaz" {vamp, rPois rF- Str+4
                  | Int+4}
 18587 | D:13     | Reached **** piety under Vehumet
 18588 | D:13     | Reached skill level 11 in Spellcasting
 19350 | D:13     | Offered knowledge of Fulminant Prism by Vehumet.
 19470 | D:13     | Learned a level 3 spell: Tukima's Dance
 19472 | D:13     | Learned a level 1 spell: Shock
 19746 | D:14     | Reached ***** piety under Vehumet
 19832 | D:14     | Offered knowledge of Lee's Rapid Deconstruction by Vehumet.
 20100 | D:14     | Reached skill level 10 in Dodging
 20504 | D:14     | Reached skill level 10 in Stealth
 20504 | D:14     | Reached XP level 14. HP: 68/108 MP: 5/29
 20795 | D:14     | Found an iron altar of Okawaru.
 21037 | D:14     | Found a gate to the Vaults.
 21128 | D:14     | Identified a scroll of acquirement
 21128 | D:14     | Acquired the +1 hat "Wygeent" {rN+ Str+3 Int+4}
 21465 | D:4      | Bought 2 scrolls of enchant weapon for 150 gold pieces
 21843 | Lair:1   | Entered Level 1 of the Lair of Beasts
 21973 | Lair:1   | Identified the +4 hunting sling of Wrongful Imprisonment
                  | {vorpal, rC+ rN+ Str+7 Int-5}
 21987 | Lair:1   | Found a frozen archway.
 22104 | IceCv    | Entered an ice cave
 22308 | IceCv    | Reached skill level 10 in Invocations
 23435 | IceCv    | Noticed a reaper
 23485 | IceCv    | Killed a reaper
 26376 | Lair:3   | Offered knowledge of Iron Shot by Vehumet.
 27669 | Lair:4   | Reached skill level 12 in Spellcasting
 27881 | Lair:4   | Found a hole to the Spider Nest.
 28532 | Lair:4   | Found a staircase to the Swamp.
 28766 | Spider:1 | Entered Level 1 of the Spider Nest
 28776 | Spider:1 | Reached XP level 15. HP: 61/115 MP: 17/31
 28947 | Lair:4   | Learned a level 4 spell: Flame Wave
 29035 | Spider:1 | Offered knowledge of Iskenderun's Battlesphere by Vehumet.
 29036 | Spider:1 | Reached skill level 10 in Fighting
 29036 | Spider:1 | Reached skill level 10 in Short Blades
 29036 | Spider:1 | Reached skill level 10 in Long Blades
 29036 | Spider:1 | Reached skill level 10 in Axes
 29036 | Spider:1 | Reached skill level 10 in Maces & Flails
 29036 | Spider:1 | Reached skill level 10 in Polearms
 29036 | Spider:1 | Reached skill level 10 in Staves
 29036 | Spider:1 | Reached skill level 10 in Slings
 29036 | Spider:1 | Reached skill level 10 in Bows
 29036 | Spider:1 | Reached skill level 10 in Crossbows
 29036 | Spider:1 | Reached skill level 10 in Throwing
 29036 | Spider:1 | Reached skill level 10 in Armour
 29036 | Spider:1 | Reached skill level 10 in Shields
 29036 | Spider:1 | Reached skill level 10 in Unarmed Combat
 29036 | Spider:1 | Reached skill level 10 in Evocations
 29255 | Spider:1 | Identified the +5 glaive of Tiryug {freeze, rPois rC+
                  | rCorr}
 29552 | Spider:1 | Noticed Josephine
 29556 | Spider:1 | Killed Josephine
 30241 | Spider:2 | Noticed an emperor scorpion
 30410 | Spider:2 | Killed an emperor scorpion
 30670 | Spider:2 | Identified the +10 morningstar "Kashudwe" {protect, Dex+2}
 31753 | Spider:3 | Noticed an emperor scorpion
 31772 | Spider:2 | Killed an emperor scorpion
 32165 | Spider:3 | Noticed a ghost moth
 32180 | Spider:3 | Killed a ghost moth
 33009 | Spider:4 | Entered Level 4 of the Spider Nest
 33129 | Spider:4 | Noticed an emperor scorpion
 33232 | Spider:4 | Reached XP level 16. HP: 124/124 MP: 28/32
 34339 | Spider:4 | Reached skill level 13 in Spellcasting
 34436 | Spider:4 | Offered knowledge of Irradiate by Vehumet.
 35050 | Spider:4 | Identified the +1 pair of boots of Esmusoxt {rCorr Dex+4}
 35096 | Spider:4 | Got a gossamer rune of Zot
 35511 | Swamp:1  | Entered Level 1 of the Swamp
 37042 | Swamp:2  | Noticed a fenstrider witch
 37049 | Swamp:2  | Killed a fenstrider witch
 37513 | Swamp:2  | Reached XP level 17. HP: 131/131 MP: 20/34
 38225 | Swamp:3  | Learned a level 5 spell: Freezing Cloud
 38277 | Swamp:3  | Reached skill level 10 in Conjurations
 38277 | Swamp:3  | Reached skill level 10 in Summonings
 38277 | Swamp:3  | Reached skill level 10 in Translocations
 38679 | Swamp:4  | Entered Level 4 of the Swamp
 38858 | Swamp:4  | Reached ****** piety under Vehumet
 38863 | Swamp:4  | Offered knowledge of Fireball by Vehumet.
 40327 | Swamp:4  | Got a decaying rune of Zot
 40644 | Orc:1    | Entered Level 1 of the Orcish Mines
 40981 | Orc:2    | Entered Level 2 of the Orcish Mines
 41198 | Orc:1    | Reached skill level 10 in Hexes
 41198 | Orc:1    | Reached skill level 10 in Necromancy
 41198 | Orc:1    | Reached skill level 10 in Transmutations
 41198 | Orc:1    | Reached skill level 10 in Fire Magic
 41198 | Orc:1    | Reached skill level 10 in Ice Magic
 41198 | Orc:1    | Reached skill level 10 in Air Magic
 41198 | Orc:1    | Reached skill level 10 in Earth Magic
 41198 | Orc:1    | Reached skill level 10 in Poison Magic
 41612 | Orc:2    | Found Veuff's General Store.
 41692 | Orc:2    | Found Tuch's Antique Armour Shoppe.
 42132 | Orc:2    | Found a staircase to the Elven Halls.
 42227 | Orc:2    | Found Gisytack's Antique Weapon Emporium.
 42232 | Orc:2    | Offered knowledge of Starburst by Vehumet.
 42404 | Orc:2    | Found Aczor's Jewellery Boutique.
 42760 | Orc:1    | Found a runed translucent door.
 42775 | Orc:1    | Noticed vykuza's ghost (journeyman TrMo)
 42932 | Orc:1    | Killed vykuza's ghost
 43003 | Orc:1    | Identified the ring "Maqiutasm" {rN+ Int+4 Dex+3}
 43091 | Elf:1    | Entered Level 1 of the Elven Halls
 44194 | Elf:1    | Reached XP level 18. HP: 140/140 MP: 8/35
 44488 | Elf:1    | Reached skill level 14 in Spellcasting
 45259 | Elf:2    | Found Pejestraj's Antique Armour Boutique.
 45404 | Elf:2    | Identified the +1 ring mail "Ruathreytz" {rCorr}
 45447 | Elf:2    | Offered knowledge of Eringya's Noxious Bog by Vehumet.
 45452 | Elf:2    | Slain by a +2 dire flail of protection

Illustrated notes

Levels and vault maps discovered:
D:1:      saegor_arrival_simple_c, layout_rooms,
          hellmonk_ecumenical_altar_crossroads, chequers_avenue, hex_tiny,
          minmay_nonomino_d4
D:2:      layout_basic, minmay_randomly_rotated_circles, uniq_natasha
D:3:      layout_loops_ring, gammafunk_ghost_cemetery
D:4:      layout_cave_pods, gammafunk_ghost_nasty_kobolds, serial_shops,
          nicolae_square_shop, cheibrodos_gnoll_hut, uniq_sigmund, uniq_duvessa,
          uniq_pikel
D:5:      layout_basic, amcnicky_altar_gilded, minmay_temple_entry_glassed_door,
          minmay_misc_feat_cross, uniq_menkaure
D:6:      layout_basic, serial_shops, nicolae_square_shop, uniq_prince_ribbit1,
          uniq_edmund, uniq_eustachio
D:7:      layout_basic, kennysheep_crisscross, st_stairs_11,
          chequers_serial_rivers_room_a
D:8:      wad_lake_hut, layout_rooms, minmay_ruffians, uniq_erica
D:9:      layout_basic
D:10:     minmay_the_grid_triangle_9x9_rhombus_thin
          [minmay_the_grid_triangle_9x9_shrine,
          minmay_the_grid_triangle_9x9_prize_special,
          minmay_the_grid_triangle_9x9_zippers_horizontal,
          minmay_the_grid_triangle_9x9_fully_insulated_deathbox], layout_basic,
          serial_shops, nicolae_shop_behind_doors, hellmonk_ghost_big_iron
D:11:     layout_basic, minmay_lair_entry_grove, nicolae_figureground_sparkle,
          uniq_erolcha
D:12:     layout_basic, orc_0_dummy, argonaut_gorgonesque, uniq_psyche
D:13:     layout_basic, special_room [special_room_bee]
D:14:     layout_irregular_city, hangedman_vaults_entry_quadrant_bands,
          hangedman_glass_teeth, kennysheep_okawaru_gauntlet
Temple:   mainiacjoe_temple_circle_huts
Lair:1:   layout_regular_city, portal_ice_cave_entry_pillars_1,
          lemuel_fruit_fields
Lair:2:   layout_layer_cave
Lair:3:   layout_loops_ring, lemuel_old_faithful, lemuel_fruit_fields
Lair:4:   layout_long_grid, nicolae_swamp_entry_splash_gauntlet,
          hellmonk_spider_entry_not_the_bees, st_stairs_6, beast_lair_carwin_3
Swamp:1:  layout_basic_swamp, evilmike_swamp_ruin_house_1
Swamp:2:  layout_basic_swamp, evilmike_swamp_ruin_house_4, swamp_pool5,
          nicolae_swamp_oklob_treasure_island
Swamp:3:  layout_falls_marsh, evilmike_swamp_ruin_house_2, swamp_pool3,
          st_swamp_ruins_3
Swamp:4:  swamp_fiery, layout_basic_swamp, swamp_pool4
Spider:1: layout_spider_delve, uniq_josephine
Spider:2: layout_spider_delve, special_room, nicolae_spider_paper_wasps
Spider:3: layout_spider_delve
Spider:4: grunt_spider_rune_circles, special_room
Orc:1:    layout_diamond_mine, ebering_ghost_reflecting_pool,
          lemuel_statue_altar, mines_bat_river
Orc:2:    grunt_orc_gardens, layout_caves, grunt_orc_garden, grunt_orc_garden,
          grunt_orc_garden, grunt_orc_garden
Elf:1:    minmay_elf_arrival_plus, layout_loops_corners,
          kennysheep_underground_church, st_stairs_10, nicolae_elf_m_pinch,
          drop_trap
Elf:2:    nicolae_elf_blades_crystal_corner, layout_geoelf_octagon,
          serial_shops, nicolae_shop_waterfront

Skill      XL: |  1  2  3  4  5  6  7  8  9 10 11 12 13 14 15 16 17 18 |
---------------+-------------------------------------------------------+-----
Conjurations   | 2 3 5 6 7 8 9 10 | 10.7
Summonings     | 2 3 5 6 7 8 9 10 | 10.7
Translocations | 2 3 5 6 7 8 9 10 | 10.7
Invocations    | 1 2 3 5 6 7 8 9 10 11 12 13 | 13.4
Fighting       | 1 2 5 6 7 8 9 10 11 12 | 12.3
Short Blades   | 1 2 5 6 7 8 9 10 11 12 | 12.3
Long Blades    | 1 2 5 6 7 8 9 10 11 12 | 12.3
Axes           | 1 2 5 6 7 8 9 10 11 12 | 12.3
Maces & Flails | 1 2 5 6 7 8 9 10 11 12 | 12.3
Polearms       | 1 2 5 6 7 8 9 10 11 12 | 12.3
Staves         | 1 2 5 6 7 8 9 10 11 12 | 12.3
Slings         | 1 2 5 6 7 8 9 10 11 12 | 12.3
Bows           | 1 2 5 6 7 8 9 10 11 12 | 12.3
Crossbows      | 1 2 5 6 7 8 9 10 11 12 | 12.3
Throwing       | 1 2 5 6 7 8 9 10 11 12 | 12.3
Armour         | 1 2 5 6 7 8 9 10 11 12 | 12.3
Shields        | 1 2 5 6 7 8 9 10 11 12 | 12.3
Unarmed Combat | 1 2 5 6 7 8 9 10 11 12 | 12.3
Evocations     | 1 2 5 6 7 8 9 10 11 12 | 12.3
Hexes          | 1 2 4 5 6 7 8 9 10 | 10.5
Necromancy     | 1 2 4 5 6 7 8 9 10 | 10.5
Transmutations | 1 2 4 5 6 7 8 9 10 | 10.5
Fire Magic     | 1 2 4 5 6 7 8 9 10 | 10.5
Ice Magic      | 1 2 4 5 6 7 8 9 10 | 10.5
Air Magic      | 1 2 4 5 6 7 8 9 10 | 10.5
Earth Magic    | 1 2 4 5 6 7 8 9 10 | 10.5
Poison Magic   | 1 2 4 5 6 7 8 9 10 | 10.5
Dodging        | 5 7 8 9 10 11 12 13 | 13.1
Stealth        | 5 6 7 8 9 10 11 12 13 | 13.0
Spellcasting   | 9 10 11 12 13 14 | 14.1

Action                   |  1- 3 |  4- 6 |  7- 9 | 10-12 | 13-15 | 16-18 || total
-------------------------+-------+-------+-------+-------+-------+-------++-------
Melee: Dagger            |     2 |       |       |       |       |       ||     2
       Short sword       |    25 |       |       |       |       |       ||    25
       Bite              |     1 |     1 |    14 |    38 |    81 |    41 ||   176
       Mace              |     6 |    35 |       |       |       |       ||    41
       Headbutt          |       |     9 |    20 |    40 |   111 |    57 ||   237
       Trident           |       |    49 |    89 |    56 |       |       ||   194
       Staff             |       |       |    17 |       |       |       ||    17
       Punch             |       |       |       |    12 |       |       ||    12
       Demon whip        |       |       |       |   114 |   505 |   270 ||   889
Throw: Dart              |       |       |       |     6 |     2 |     3 ||    11
 Cast: Magic Dart        |    79 |    84 |   130 |   146 |     8 |     2 ||   449
       Call Imp          |     6 |    11 |    25 |    13 |     1 |       ||    56
       Slow              |     3 |     7 |    23 |    32 |     2 |     3 ||    70
       Mephitic Cloud    |       |     4 |    21 |    68 |    88 |    56 ||   237
       Conjure Flame     |       |     3 |    10 |    18 |     8 |     4 ||    43
       Ignite Poison     |       |       |    11 |    55 |    65 |    49 ||   180
       Sting             |       |       |       |    37 |    14 |     4 ||    55
       Olgreb's Toxic Ra |       |       |       |    96 |   139 |   132 ||   367
       Blink             |       |       |       |     8 |     2 |     4 ||    14
       Summon Guardian G |       |       |       |     3 |    12 |     9 ||    24
       Searing Ray       |       |       |       |     5 |    42 |    95 ||   142
       Summon Lightning  |       |       |       |    14 |   100 |    98 ||   212
       Shock             |       |       |       |       |   276 |   163 ||   439
       Tukima's Dance    |       |       |       |       |     3 |       ||     3
       Flame Wave        |       |       |       |       |     6 |     7 ||    13
       Freezing Cloud    |       |       |       |       |       |    55 ||    55
Evoke: Lightning rod     |       |       |       |       |     6 |     4 ||    10
       Wand              |       |       |       |       |     2 |    12 ||    14
  Use: Potion            |     1 |       |     4 |     1 |     5 |     6 ||    17
       Scroll            |       |     6 |     5 |    11 |    14 |     3 ||    39
 Stab: Distracted        |       |     1 |       |     1 |     9 |     4 ||    15
       Confused          |       |     2 |     1 |     7 |    12 |     7 ||    29
Armor: Robe              |     4 |    18 |    20 |       |       |       ||    42
       Ring mail         |       |       |     9 |    27 |       |       ||    36
       Leather armour    |       |       |       |    30 |   143 |    83 ||   256
       Fire dragon scale |       |       |       |       |       |    51 ||    51
Dodge: Dodged            |    18 |    59 |    98 |   159 |   277 |   216 ||   827
Block: Kite shield       |       |       |       |     2 |   298 |   256 ||   556
       Reflection        |       |       |       |       |    18 |    29 ||    47
